 Dungeon Crawl Stone Soup version 0.22-a0-353-g2d6336e (webtiles) character file.

176429 Amnesiac the Eclecticist (level 17, -5/87 HPs)
             Began as a Spriggan Earth Elementalist on Apr 15, 2018.
             Was an Elder of Ashenzari.
             Slain by a deep elf blademaster
             ... wielding a +2 rapier of venom
              (22 damage)
             ... on level 3 of the Elven Halls.
             The game lasted 01:42:58 (39034 turns).

Amnesiac the Eclecticist (SpEE)                    Turns: 39034, Time: 01:42:58

Health: -5/87      AC: 10    Str:  4    XL:     17   Next: 51%
Magic:  2/41       EV: 31    Int: 23    God:    Ashenzari [****..]
Gold:   2704       SH:  0    Dex: 17    Spells: 28/54 levels left

rFire    + + .     SeeInvis +   b - staff of earth
rCold    . . .     Gourm    .   (shield currently unavailable)
rNeg     . . .     Faith    .   A - +2 robe {rF+}
rPois    .         Spirit   .   (helmet restricted)
rElec    .         Reflect  .   N - +2 cloak
rCorr    .         Harm     .   (gloves unavailable)
MR       ++...     Clarity  +   (boots unavailable)
Stlth    ++++......             (no amulet)
HPRegen  0.24/turn              O - ring of protection from fire
MPRegen  0.27/turn              w - +3 ring of protection

@: lethally poisoned (-5 -> -24), very slightly contaminated, very quick
A: very small, unfitting armour, see invisible, herbivore, speed 3, slow
metabolism 2
a: Curse Item, Scrying, Renounce Religion


You were on level 3 of the Elven Halls.
You worshipped Ashenzari.
Ashenzari was greatly pleased with you.
You were not hungry.

You visited 4 branches of the dungeon, and saw 21 of its levels.
You visited 1 bazaar.
You also visited: Ice Cave.

You collected 3369 gold pieces.
You spent 665 gold pieces at shops.

Inventory:

Hand Weapons
 a - a +0 dagger of draining
 K - a +4 antimagic quick blade
 W - a +0 blowgun
Missiles
 s - 17 stones (quivered)
 t - 73 poisoned needles
 I - a throwing net
 M - 7 curare-tipped needles
 S - 7 needles of sleeping
Armour
 A - a +2 robe of fire resistance (worn)
 N - a +2 cloak (worn)
 T - a +1 buckler of reflection
 U - a +2 robe of magic resistance
Magical Staves
 b - an uncursed staff of earth (weapon)
 Y - an uncursed staff of power
Jewellery
 w - a +3 ring of protection (right hand)
 x - the ring "Peqeckel" {MP+9 Str+3 Int+4}
   (You took it off a deep elf annihilator on level 3 of the Elven Halls)

   [ring of magical power]

   It affects your strength (+3).
   It affects your intelligence (+4).
   It affects your magic capacity (+9).
 F - an uncursed ring of stealth
 O - a ring of protection from fire (left hand)
 P - an uncursed ring of ice
 V - an uncursed ring of protection from magic
 X - an uncursed ring of flight
Wands
 c - a wand of digging (11)
 o - a wand of scattershot (9)
 q - a wand of acid (12)
 u - a wand of paralysis (24)
 C - a wand of disintegration (21)
 G - a wand of iceblast (10)
Scrolls
 e - 8 scrolls of identify {!r}
 g - 15 scrolls of remove curse {!r}
 h - 13 scrolls of teleportation {!r}
 m - 7 scrolls of blinking {!r}
 p - 3 scrolls of amnesia {!r}
 r - 3 scrolls of fear {!r}
 y - 2 scrolls of vulnerability {!r}
 J - 4 scrolls of fog {!r}
 Q - 2 scrolls of enchant armour {!r}
 Z - a scroll of magic mapping {!r}
Potions
 f - a potion of ambrosia {!q}
 i - 3 potions of magic {!q}
 j - 6 potions of might {!q}
 k - 5 potions of curing {!q}
 l - a potion of cancellation {!q}
 n - 3 potions of berserk rage {!q}
 v - a potion of haste {!q}
 z - 7 potions of lignification {!q}
 B - 5 potions of heal wounds {!q}
 D - 3 potions of agility {!q}
 E - 5 potions of flight {!q}
 H - a potion of brilliance {!q}
 L - 3 potions of degeneration {!q}
 R - a potion of mutation {!q}
Comestibles
 d - 10 rations


   Skills:
 - Level 9.0 Fighting
 - Level 8.1 Short Blades
 - Level 15.0 Dodging
 - Level 8.0 Stealth
 - Level 7.2 Shields
 - Level 19.0 Spellcasting
 + Level 14.7 Transmutations
 * Level 14.7 Earth Magic


You had 28 spell levels left.
You knew the following spells:

 Your Spells              Type           Power        Failure   Level  Hunger
a - Iron Shot             Conj/Erth      ######....   17%         6    ###....
b - Passwall              Tmut/Erth      #######...   0%          2    None
c - Sandblast             Erth           ######       0%          1    None
d - Lee's Rapid Deconstr  Erth           #######...   1%          5    None
e - Petrify               Tmut/Erth      #######.     1%          4    None
f - Borgnjor's Vile Clut  Necr/Erth      ######....   3%          5    None
g - Stone Arrow           Conj/Erth      ######       1%          3    None


Dungeon Overview and Level Annotations

Branches:
Dungeon (15/15)            Temple (1/1) D:6            Lair (0/6) D:8
    Orc (2/2) D:11            Elf (3/3) Orc:2        Vaults (0/5) D:14
 Depths (0/5) D:15

Altars:
Ashenzari
Cheibriados
Dithmenos
Elyvilon
Fedhas
Gozag
Hepliaklqana
Kikubaaqudgha
Makhleb
Nemelex Xobeh
Okawaru
Qazlal
Ru
Sif Muna
Trog
Uskayaw
Vehumet
Wu Jian
Xom
Yredelemnul
Zin
The Shining One
Beogh

Shops:
D:9 (:}%   D:11 *   Orc:2 *?*?(   Elf:3 [

Portals:
Trove: Elf:3 (give +3 shadow dragon scales)

Annotations:
D:12 2 transporters
Elf:2 3 runed doors


Innate Abilities, Weirdness & Mutations

You are very small and have problems with some larger weapons.
You are too small for most types of armour.
You have supernaturally acute eyesight. (SInv)
You are a herbivore.
You cover ground extremely quickly.
You need to consume almost no food.


Message History

You feel sick.
You feel sick.
You feel sick.
You feel sick.
There is an open door here.
You feel sick.
You feel sick.
You feel sick.
You feel sick.
You feel sick.
You feel sick.
You feel sick.
You feel sick.
You feel sick.
You feel sick.
You feel sick.
You feel sick.
You feel sick.
You feel sick.
You feel sick.
You feel sick.
You feel sick.
Things that are here:
2 arrows the glaive of Regat {chop, rF++ MR- Dex+4} You feel sick.
You feel sick.
You feel sick.
Things that are here:
an uncursed rapier; an uncursed leather armour
Casting: Iron Shot (quite dangerous; 17% risk of failure)
Confirm with . or Enter, or press ? or * to list all spells.
Aiming: Iron Shot (quite dangerous; 17% risk of failure)
Press: ? - help, Shift-Dir - straight line, f/p - deep elf blademaster
Aim: a deep elf blademaster, wielding two rapiers of venom and wearing a leather armour (heavily wounded)
You feel a surge of power!
The iron shot hits the deep elf blademaster.
The deep elf blademaster is severely wounded.
You feel sick.
You feel sick.
There is an open door here.
You see here an arrow.
You feel sick.
There is an open door here.
You see here an arrow.
You see here an arrow.
You feel sick.
You see here 2 arrows.
Things that are here:
a cursed dagger; an uncursed ring mail You feel sick.
Things that are here:
an uncursed long sword; an uncursed ring mail; a cursed dagger
Casting: Iron Shot (quite dangerous; 17% risk of failure)
Confirm with . or Enter, or press ? or * to list all spells.
Which direction?
You feel a surge of power!
You begin to meditate on the wall.
You continue meditating on the rock. x2
You feel sick.
The deep elf blademaster hits you with a rapier of venom!
* * * LOW HITPOINT WARNING * * *
You are lethally poisoned!
The deep elf blademaster hits you with a rapier of venom!!
You die...

#.∩###...########.....######.....
...# #.### #.....# ##..... ..##
### ####### ######... .##
###...#'##. #### ###.......###
#..## #### #...........# ....####
#(.### #.....).....#
....##.####....######...........#
......)...'..).e@#..............'
....#######(.))######....<......#
....# #..#)## #...........# ...##
#('#..## #...........# ..#'##
#.....(## ###.......### '###.##
##....[.e## ###...### # '####.##
#..._..##.## ##### ##
...###.####.....###.## ##.
.....##.###)))..# ##.####### ##.#


You could see a deep elf blademaster.

Vanquished Creatures
  A deep elf master archer (Elf:3)
  A fire giant (D:15)
  A frost giant (D:13)
  3 orc warlords
  5 deep elf sorcerers (Elf:3)
  The ghost of Amnesiac the Thaumaturge, a journeyman DgEE (Elf:1)
  A deep elf elementalist (Elf:3)
  2 very ugly things (IceCv)
  2 stone giants
  10 deep elf annihilators
  6 deep elf demonologists
  Snorg (D:10)
  2 deep elf death magi (Elf:3)
  5 deep elf high priests
  Erolcha (D:10)
  An ice dragon (D:14)
  2 hydras
  4 centaur warriors
  2 death knights
  25 dancing weapons
  An ogre mage (D:15)
  9 two-headed ogres
  4 orc high priests
  23 deep elf knights
  An unseen horror (D:11)
  16 deep elf archers
  13 orc knights
  A wizard (D:15)
  A harpy (shapeshifter) (D:13)
  A phantasmal warrior (D:13)
  73 deep elf magi
  7 orc sorcerers
  2 manticores
  19 ugly things
  4 cyclopes
  5 ice statues (IceCv)
  2 centaur zombies
  Joseph (D:7)
  A gargoyle (D:13)
  A komodo dragon (D:14)
  An anaconda simulacrum (IceCv)
  An efreet (D:13)
  7 freezing wraiths
  A small abomination (Elf:2)
  A polar bear (shapeshifter) (D:14)
  A merfolk (D:9)
  3 meliai (D:13)
  3 hornets
  14 trolls
  A harpy skeleton (D:15)
  6 hippogriffs
  A meliai zombie (D:13)
  A centaur simulacrum (D:15)
  6 air elementals
  2 water elementals
  A fire elemental (Elf:3)
  5 wraiths
  A wyvern (D:12)
  28 yaks
  A dire elephant simulacrum (IceCv)
  A basilisk (D:15)
  3 hungry ghosts
  6 wargs (Orc:2)
  Menkaure (D:7)
  4 harpy simulacra (IceCv)
  5 vampire mosquitoes
  3 hydra simulacra (IceCv)
  A water moccasin (D:8)
  Duvessa (D:7)
  9 ice beasts
  57 orc warriors
  7 sky beasts
  A phantom (D:7)
  2 eyes of draining (D:11)
  3 hornet zombies
  21 ogres
  15 centaurs
  A crocodile (D:9)
  2 big kobolds
  A wyvern zombie (D:6)
  6 bullfrogs
  A gnoll sergeant (D:11)
  2 earth elementals
  5 scorpions
  Dowan (D:7)
  4 killer bees
  7 howler monkeys
  8 crimson imps
  3 bullfrog zombies
  6 hounds
  A quasit (D:7)
  33 orc priests
  A bullfrog skeleton (D:13)
  3 jellies
  56 orc wizards
  5 centaur skeletons
  5 iguanas
  10 worker ants
  A killer bee zombie (D:10)
  A hound zombie (D:5)
  2 hound skeletons
  A worker ant zombie (D:10)
  A howler monkey skeleton (D:4)
  5 gnolls
  9 adders
  6 shadow imps
  3 oozes
  An adder skeleton (D:6)
  3 worms
  2 dart slugs
  4 leopard geckos
  124 orcs
  8 bats
  4 giant cockroaches
  5 hobgoblins
  5 jackals
  6 quokkas
  2 ball pythons
  6 frilled lizards
  6 goblins
  21 kobolds
  A quokka zombie (D:6)
  12 rats
  A crawling corpse (Elf:3)
887 creatures vanquished.

Vanquished Creatures (others)
  A centaur skeleton (D:13)
  A water elemental (Elf:3)
  A fungus (Elf:2)
  A plant (Orc:2)
4 creatures vanquished.

Grand Total: 891 creatures vanquished

Notes
Turn   | Place    | Note
-------+----------+-------------------------------------------
     0 | D:1      | Amnesiac the Spriggan Earth Elementalist began the quest for the Orb.
     0 | D:1      | Reached XP level 1. HP: 9/9 MP: 5/5
   133 | D:1      | Reached skill level 3 in Spellcasting
   133 | D:1      | Reached XP level 2. HP: 13/13 MP: 1/7
   515 | D:1      | Reached XP level 3. HP: 4/16 MP: 4/8
   519 | D:1      | Learned a level 2 spell: Passwall
   849 | D:1      | Reached skill level 1 in Short Blades
  1409 | D:3      | Found an opulent altar of Gozag.
  1409 | D:3      | Found a sparkling altar of Nemelex Xobeh.
  1442 | D:3      | Noticed an orc warrior
  1620 | D:4      | Reached XP level 4. HP: 21/21 MP: 9/9
  1626 | D:4      | Learned a level 4 spell: Petrify
  1696 | D:4      | Noticed an ogre
  1706 | D:4      | Killed an ogre
  1706 | D:4      | Reached XP level 5. HP: 16/24 MP: 6/10
  2075 | D:2      | Found a radiant altar of Vehumet.
  2379 | D:2      | Found a sacrificial altar of Ru.
  2382 | D:2      | Found an iron altar of Okawaru.
  2385 | D:2      | Found a burning altar of Makhleb.
  2388 | D:2      | Found an ornate altar of the Wu Jian Council.
  3038 | D:3      | Killed an orc warrior
  3038 | D:3      | Reached XP level 6. HP: 28/28 MP: 6/12
  3277 | D:4      | Reached skill level 5 in Short Blades
  3277 | D:4      | Reached skill level 4 in Spellcasting
  3587 | D:4      | Reached XP level 7. HP: 31/32 MP: 8/14
  3841 | D:4      | Reached skill level 5 in Transmutations
  3841 | D:4      | Reached skill level 5 in Earth Magic
  3877 | D:5      | Entered Level 5 of the Dungeon
  4023 | D:5      | Learned a level 3 spell: Stone Arrow
  4097 | D:5      | Learned a level 5 spell: Lee's Rapid Deconstruction
  4190 | D:5      | Found a stormy altar of Qazlal.
  4350 | D:5      | Reached skill level 5 in Spellcasting
  4357 | D:5      | Reached XP level 8. HP: 24/36 MP: 7/16
  4606 | D:5      | Reached skill level 5 in Stealth
  4649 | D:5      | Found a shadowy altar of Dithmenos.
  4711 | D:5      | Found a glowing golden altar of the Shining One.
  5044 | D:6      | Reached skill level 6 in Spellcasting
  5234 | D:6      | Found a staircase to the Ecumenical Temple.
  5272 | Temple   | Entered the Ecumenical Temple
  5304 | Temple   | Became a worshipper of Ashenzari the Shackled
  5344 | D:6      | You fall through a shaft!
  5344 | D:7      | Noticed Duvessa
  5344 | D:7      | Noticed Dowan
  5348 | D:8      | Found a staircase to the Lair.
  5410 | D:8      | Noticed a hippogriff
  5429 | D:8      | Killed a hippogriff
  5429 | D:8      | Reached XP level 9. HP: 28/39 MP: 11/19
  6006 | D:6      | Reached skill level 7 in Spellcasting
  6107 | D:6      | Found an opulent altar of Gozag.
  6152 | D:7      | Noticed Joseph
  6339 | D:7      | Killed Joseph
  6399 | D:7      | Reached * piety under Ashenzari
  6482 | D:7      | Killed Dowan
  6584 | D:7      | Reached skill level 8 in Spellcasting
  6850 | D:7      | Found the +3 pair of gauntlets of War {Slay+5}
  6935 | D:7      | Noticed Menkaure
  6963 | D:7      | Killed Menkaure
  7157 | D:7      | Killed Duvessa
  7663 | D:8      | Got the flail "Turchik" {pain, rPois Dex+3}
  7782 | D:9      | Found Ruah Meh's Food Emporium.
  7822 | D:9      | Reached XP level 10. HP: 44/44 MP: 20/23
  7846 | D:9      | Found Yllyuhek's Weapon Shop.
  7878 | D:9      | Noticed a two-headed ogre
  7883 | D:9      | Reached ** piety under Ashenzari
  7887 | D:9      | Killed a two-headed ogre
  7887 | D:9      | Reached skill level 9 in Spellcasting
  7953 | D:9      | Found Viphun's Book Shop.
  8198 | D:9      | Found Ehocosch's Gadget Boutique.
  8327 | D:9      | Found a bloodstained altar of Trog.
  8510 | D:9      | Found an iron altar of Okawaru.
  8530 | D:9      | Got the uncursed robe of Gravity {-Tele Str+4}
  8541 | D:9      | Identified the +0 robe of Gravity {-Tele Str+4} (You found it on level 9 of the Dungeon)
  8649 | D:10     | Entered Level 10 of the Dungeon
  8656 | D:10     | Noticed a two-headed ogre
  8674 | D:10     | Killed a two-headed ogre
  8674 | D:10     | Reached skill level 10 in Transmutations
  8674 | D:10     | Reached skill level 10 in Earth Magic
  8741 | D:10     | Noticed Snorg
  8743 | D:10     | Reached skill level 10 in Spellcasting
  9144 | D:10     | Killed Snorg
  9144 | D:10     | Reached XP level 11. HP: 25/47 MP: 2/26
  9323 | D:10     | Got the uncursed buckler "Wurrek" {Str+4}
  9329 | D:10     | Identified the +0 buckler "Wurrek" {Str+4} (You found it on level 10 of the Dungeon)
  9369 | D:10     | Noticed Erolcha
  9386 | D:10     | Killed Erolcha
  9430 | D:10     | Reached skill level 11 in Spellcasting
  9839 | D:11     | Noticed an orc knight
  9839 | D:11     | Noticed an unseen horror
 10339 | D:11     | Found Pagoib's General Store.
 10379 | D:11     | Noticed a two-headed ogre
 10380 | D:11     | Killed a two-headed ogre
 10380 | D:11     | Reached skill level 12 in Spellcasting
 10663 | D:11     | Killed an unseen horror
 10663 | D:11     | Reached skill level 13 in Spellcasting
 10682 | D:11     | Killed an orc knight
 10682 | D:11     | Reached skill level 1 in Shields
 11095 | D:11     | Noticed a red ugly thing
 11096 | D:11     | Found a roughly hewn altar of Beogh.
 11100 | D:11     | Found a staircase to the Orcish Mines.
 11105 | D:11     | Killed a red ugly thing
 11226 | D:11     | Noticed a white ugly thing
 11247 | D:11     | Killed a white ugly thing
 11316 | D:11     | Reached skill level 1 in Fighting
 11633 | D:11     | Reached XP level 12. HP: 24/53 MP: 11/30
 11975 | D:11     | Found a blossoming altar of Fedhas.
 12117 | D:12     | Reached skill level 5 in Shields
 12575 | D:12     | Found a transporter.
 12588 | D:12     | Noticed a five-headed hydra
 12589 | D:12     | Identified the cursed ring "Riceu" {*Slow rPois MR+++ AC-5}
 12600 | D:12     | Killed a five-headed hydra
 13046 | D:12     | Identified Ts'ui Pên's Almanac of Forking Paths
 13095 | D:12     | Identified the Incunabulum of Plaster Cramp
 13105 | D:12     | Identified the Papyrus of Sand
 13123 | D:12     | Learned a level 5 spell: Borgnjor's Vile Clutch
 13612 | D:12     | Noticed a two-headed ogre
 13754 | D:12     | Killed a two-headed ogre
 13890 | D:12     | Found a transporter.
 13911 | D:12     | Noticed a stone giant
 14216 | D:12     | Killed a stone giant
 14385 | D:13     | Noticed a centaur warrior
 14474 | D:13     | Found a flickering gateway to a bazaar.
 14498 | Bazaar   | Entered a bazaar
 14515 | Bazaar   | Found Janwoum's Magic Scroll Shoppe.
 14522 | Bazaar   | Bought a scroll of fog for 38 gold pieces
 14551 | Bazaar   | Found Utivuy's Assorted Antiques.
 14555 | Bazaar   | Bought a scroll labeled POONTAUMP AQIGG for 17 gold pieces
 14555 | Bazaar   | Bought a scroll labeled WEROEFUWOPP for 17 gold pieces
 14566 | Bazaar   | Found Gotwecw's Gadget Shoppe.
 14566 | Bazaar   | Found Pear's Assorted Antiques.
 15225 | D:13     | Reached XP level 13. HP: 58/58 MP: 25/31
 15466 | D:13     | Noticed a frost giant
 15761 | D:13     | Killed a frost giant
 15761 | D:13     | Reached skill level 14 in Spellcasting
 15837 | D:13     | Paralysed by a hornet for 1 turns
 17390 | D:13     | Reached skill level 15 in Spellcasting
 18741 | D:14     | Learned a level 6 spell: Iron Shot
 19017 | D:14     | Reached skill level 16 in Spellcasting
 19667 | D:14     | Reached *** piety under Ashenzari
 19701 | D:14     | Reached skill level 17 in Spellcasting
 20134 | D:14     | Found a gate to the Vaults.
 20341 | D:15     | Entered Level 15 of the Dungeon
 20491 | D:15     | Reached XP level 14. HP: 62/62 MP: 36/36
 20564 | D:15     | Found a staircase to the Depths.
 20564 | D:15     | Noticed a fire giant
 20633 | D:15     | Killed a fire giant
 20666 | D:15     | Reached skill level 18 in Spellcasting
 21961 | Orc:1    | Entered Level 1 of the Orcish Mines
 22003 | Orc:1    | Found a bloodstained altar of Trog.
 22199 | Orc:1    | Reached skill level 19 in Spellcasting
 22272 | Orc:2    | Entered Level 2 of the Orcish Mines
 22773 | Orc:2    | Found a staircase to the Elven Halls.
 23479 | Orc:2    | Found Orgh's Assorted Antiques.
 24187 | Orc:2    | Reached skill level 5 in Dodging
 24591 | Orc:2    | Noticed an orc warlord
 24608 | Orc:2    | Killed an orc warlord
 24666 | Orc:2    | Noticed a stone giant
 25496 | Orc:2    | Reached skill level 5 in Fighting
 26227 | Orc:2    | Noticed an orc warlord
 26244 | Orc:2    | Killed an orc warlord
 26565 | Orc:2    | Found Uthex's Magic Scroll Boutique.
 26565 | Orc:2    | Found Oddel's Magic Scroll Shop.
 26574 | Orc:2    | Found Ugocko's Weapon Shop.
 26576 | Orc:2    | Found Ahoacay's Assorted Antiques.
 26602 | Orc:2    | Killed a stone giant
 27363 | Orc:2    | Bought a square emerald amulet for 135 gold pieces
 27364 | Orc:2    | Bought a cloak for 121 gold pieces
 27371 | Orc:2    | Bought 3 scrolls of enchant armour for 337 gold pieces
 27422 | Elf:1    | Entered Level 1 of the Elven Halls
 27503 | Elf:1    | Reached **** piety under Ashenzari
 27522 | Elf:1    | Found a frozen archway.
 27528 | IceCv    | Entered an ice cave
 27530 | IceCv    | Reached XP level 15. HP: 67/74 MP: 28/39
 28100 | IceCv    | Identified Sif Muna's Almanac of Unstable Earth
 28356 | Elf:1    | Reached skill level 10 in Dodging
 30392 | Elf:1    | Noticed Amnesiac's ghost (journeyman DgEE)
 30393 | Elf:1    | Killed Amnesiac's ghost
 31901 | Elf:2    | Reached XP level 16. HP: 84/84 MP: 26/40
 31917 | Elf:2    | Reached skill level 15 in Dodging
 32001 | Elf:2    | Found a runed gate.
 32002 | Elf:2    | Found a runed gate.
 32002 | Elf:2    | Found a runed gate.
 34003 | Elf:3    | Entered Level 3 of the Elven Halls
 35786 | Elf:3    | Found an ancient bone altar of Kikubaaqudgha.
 35823 | Elf:3    | Found Epuoc's Armour Shop.
 36085 | Elf:3    | Found a portal to a secret trove of treasure.
 36135 | Elf:3    | Reached XP level 17. HP: 87/87 MP: 3/41
 36611 | Elf:3    | Identified the ring "Peqeckel" {MP+9 Str+3 Int+4} (You took it off a deep elf annihilator on level 3 of the Elven Halls)
 37084 | Elf:3    | Got the trident of Untimely Demise {antimagic, rElec}
 37218 | Elf:3    | Noticed a deep elf master archer
 38302 | Elf:3    | Noticed a deep elf master archer
 38686 | Elf:3    | Killed a deep elf master archer
 38856 | Elf:3    | Identified the ring "Qyelaublo" {rF+ Dex+2} (You took it off a deep elf annihilator on level 3 of the Elven Halls)
 38873 | Elf:3    | Noticed a deep elf blademaster
 39034 | Elf:3    | Slain by a deep elf blademaster

Vault maps used:
D:1:      onia_arrival_larder
D:2:      vehumet_crystals, grunt_temple_overflow_cloverleaf, first_ration
D:3:      grunt_temple_overflow_opulence
D:4:      minmay_bent
D:5:      nicolae_qazlal_general_emergency, marbit_many_paths,
          nicolae_dithmenos_through_a_glass_darkly
D:6:      minmay_temple_entry_hall, grunt_decor_cap, grunt_gozag_statues
D:7:      uniq_joseph, uniq_duvessa, uniq_menkaure
D:8:      dpeg_oklobed_lair
D:9:      lemuel_crystal_altar, serial_shops, shop, shop,
          nicolae_shop_behind_doors, nicolae_shop_waterfront,
          hangedman_fish_farm, okawaru_altar_gauntlet_db
D:10:     kennysheep_generic_room_8, uniq_erolcha, uniq_snorg
D:11:     david_orc_5, serial_co_window_serial, co_window_corner_a,
          co_window_paths_b, co_window_paths_b, co_window_paths_a,
          co_window_of_opportunity_a, co_window_cross_2, co_window_paths_c,
          co_window_cross_3, co_window_broadway_c, serial_shops, shop,
          fedhas_altar_fruit_tree
D:12:     gammafunk_the_bubble, bh_hangedman_babel_library
D:13:     serial_shops, bzr_in_the_mist, serial_column_ruins,
          column_ruins_circle_small, column_ruins_hut_water,
          column_ruins_open_small, column_ruins_grid_1,
          column_ruins_corridor_corner, column_ruins_corridor_straight,
          column_ruins_open_tiny, column_ruins_open_tiny, column_ruins_grid_1,
          evilmike_minifort
D:14:     david_vaults_4, hangedman_decor_opposing, spider_trap,
          grunt_tough_drop
D:15:     grunt_enter_depths_giant_problem, minmay_misc_feat_diagonals
Temple:   chequers_temple_sunken
Orc:1:    lemuel_statue_altar
Orc:2:    st_orc_mages, serial_shops, nicolae_shop_overgrown_old_shop,
          minmay_orc_treasury
Elf:1:    portal_ice_cave_entry_pillars_2, minmay_elf_crystal_hexagon
Elf:3:    minmay_elf_hall_furrowed, serial_shops, shop, basic_altar,
          special_room, nicolae_trove_entry_diagonal
Bazaar:   bazaar_short_row
IceCv:    ice_cave_statue_garden_chambered

Skill      XL: |  1  2  3  4  5  6  7  8  9 10 11 12 13 14 15 16 17 |
---------------+----------------------------------------------------+-----
Earth Magic    | 3 4 5 7 8 10 13 14 | 14.7
Spellcasting   | 3 4 5 6 8 10 13 17 19 | 19.0
Short Blades   | 2 4 5 8 |  8.1
Transmutations | 3 4 5 7 8 10 13 14 | 14.7
Stealth        | 4 5 8 |  8.0
Shields        | 4 7 |  7.2
Fighting       | 1 6 9 |  9.0
Dodging        | 8 14 15 | 15.0

Action                   |  1- 3 |  4- 6 |  7- 9 | 10-12 | 13-15 | 16-18 || total
-------------------------+-------+-------+-------+-------+-------+-------++-------
Melee: Dagger            |    22 |    19 |    87 |   224 |   422 |    29 ||   803
       Unarmed           |     5 |       |       |       |       |       ||     5
       Staff             |       |       |       |       |       |     6 ||     6
 Fire: Blowgun           |       |       |       |       |     3 |       ||     3
Throw: Stone             |       |       |       |       |     2 |     1 ||     3
 Cast: Sandblast         |    56 |    53 |    99 |   172 |    93 |    41 ||   514
       Passwall          |     5 |     1 |    20 |    19 |    30 |    15 ||    90
       Petrify           |       |     4 |    22 |    94 |   196 |    20 ||   336
       Stone Arrow       |       |       |    11 |       |   122 |     9 ||   142
       Lee's Rapid Decon |       |       |     3 |    56 |   265 |   227 ||   551
       Borgnjor's Vile C |       |       |       |       |       |     1 ||     1
       Iron Shot         |       |       |       |       |       |    16 ||    16
Evoke: Wand              |       |       |       |       |     1 |     5 ||     6
  Use: Potion            |       |       |       |     2 |       |     1 ||     3
       Scroll            |       |       |       |    20 |     7 |     4 ||    31
 Stab: Sleeping          |     5 |     7 |    19 |    16 |    40 |       ||    87
       Petrified         |       |     2 |    23 |   104 |   114 |    15 ||   258
       Petrifying        |       |     1 |     8 |    22 |    38 |     1 ||    70
  Eat: Ration            |       |     1 |     6 |    10 |    11 |     3 ||    31
Armor: Robe              |     7 |       |     5 |     9 |    13 |     1 ||    35
Dodge: Dodged            |    46 |    24 |    65 |   114 |   216 |   116 ||   581
Block: Buckler           |       |       |       |    40 |    94 |       ||   134

Table legend:
 A = Spawn XP
 B = Non-spawn XP
 C = Spawn XP percentage of total XP
 D = Spawn monster count
 E = Non-spawn monster count
 F = Spawn count percentage of total count
 G = Total turns spent on level
                    A         B        C        D         E        F      G
               +---------+---------+-------+---------+---------+-------+---------
         Total |       0 |  253573 |   0.0 |       0 |     886 |   0.0 | 39034
               +---------+---------+-------+---------+---------+-------+---------
           D:1 |       0 |      59 |   0.0 |       0 |      36 |   0.0 |   974
           D:2 |       0 |      61 |   0.0 |       0 |      11 |   0.0 |   805
           D:3 |       0 |     175 |   0.0 |       0 |      18 |   0.0 |  1098
           D:4 |       0 |     832 |   0.0 |       0 |      19 |   0.0 |  1036
           D:5 |       0 |     802 |   0.0 |       0 |      23 |   0.0 |  1106
           D:6 |       0 |     665 |   0.0 |       0 |      17 |   0.0 |   927
           D:7 |       0 |    1792 |   0.0 |       0 |      30 |   0.0 |  1076
           D:8 |       0 |    1090 |   0.0 |       0 |      18 |   0.0 |   701
           D:9 |       0 |    2952 |   0.0 |       0 |      22 |   0.0 |   871
          D:10 |       0 |    4910 |   0.0 |       0 |      35 |   0.0 |  1221
          D:11 |       0 |    9078 |   0.0 |       0 |      70 |   0.0 |  2382
          D:12 |       0 |   12372 |   0.0 |       0 |      43 |   0.0 |  2218
          D:13 |       0 |   14561 |   0.0 |       0 |      52 |   0.0 |  4159
          D:14 |       0 |   14249 |   0.0 |       0 |      39 |   0.0 |  1615
          D:15 |       0 |   15474 |   0.0 |       0 |      35 |   0.0 |  1490
         Orc:1 |       0 |    2143 |   0.0 |       0 |      41 |   0.0 |  2376
         Orc:2 |       0 |   20114 |   0.0 |       0 |     150 |   0.0 |  4213
         Elf:1 |       0 |   39332 |   0.0 |       0 |      60 |   0.0 |  2362
         Elf:2 |       0 |   39734 |   0.0 |       0 |      58 |   0.0 |  2673
         Elf:3 |       0 |   65603 |   0.0 |       0 |      87 |   0.0 |  4736
         IceCv |       0 |    7575 |   0.0 |       0 |      22 |   0.0 |   713
               +---------+---------+-------+---------+---------+-------+---------
